 Seeded DCSS version 0.28-a0-1130-gc51a68064b (webtiles) character file.

Game seed: 20211213 (custom seed)

16762 a11behringer the Fencer (level 12, 0/156 HPs)
             Began as a Grey Draconian Berserker on Dec 13, 2021.
             Was a High Priest of Trog.
             Succumbed to a death knight's poison
             ... on level 11 of the Dungeon.
             The game lasted 00:33:22 (12441 turns).

a11behringer the Fencer (Grey Draconian Berserker) Turns: 12441, Time: 00:33:23

Health: 0/156      AC: 16    Str: 25    XL:     12   Next: 12%
Magic:  12/12      EV: 17    Int: 14    God:    Trog [*****.]
Gold:   764        SH:  0    Dex: 16    Spells: 11/11 levels left

rFire   . . .      SeeInvis .   P - +5 demon blade (venom)
rCold   . . .      Faith    .   (no shield)
rNeg    . . .      Spirit   .   (armour unavailable)
rPois   +          Reflect  .   (helmet restricted)
rElec   .          Harm     .   (no cloak)
rCorr   .          Rampage  .   y - +2 pair of gloves
Will    ++...                   (no boots)
Stlth   ..........              (no amulet)
HPRegen 1.36/turn               s - +6 ring of dexterity
MPRegen 0.13/turn               E - ring "Hyock" {Fly rPois Int+6 Stlth-}

@: berserking, lethally poisoned (0 -> -32), strong-willed, flying,
regenerating, studying Dodging, very quick
A: AC +13, amphibious, unfitting armour, cold-blooded
a: Renounce Religion, Berserk, Trog's Hand, Brothers in Arms


You were on level 11 of the Dungeon.
You worshipped Trog.
Trog was extremely pleased with you.
You visited 2 branches of the dungeon, and saw 12 of its levels.
You also visited: Bailey.

You collected 764 gold pieces.

Inventory:

Hand Weapons
 a - a +0 falchion
 b - a +0 rapier
 d - a +4 antimagic great sword
 o - a +0 long sword
 H - a +2 short sword
 I - a +4 vorpal scimitar
 J - a +4 vampiric scimitar
 P - a +5 demon blade of venom (weapon)
Missiles
 G - 5 throwing nets (quivered)
 Q - 5 silver javelins
Armour
 e - a +0 pair of gloves
 y - a +2 pair of gloves (worn)
 z - a +0 kite shield
 O - a +1 kite shield of protection
Jewellery
 s - a +6 ring of dexterity (left hand)
 C - a +6 ring of intelligence
 E - the ring "Hyock" (right hand) {Fly rPois Int+6 Stlth-}
   (You acquired it on level 8 of the Dungeon)

   [ring of flight]

   Int:       It affects your intelligence (+6).
   rPois:     It protects you from poison.
   Fly:       It grants you flight.
   Stlth:     It makes you less stealthy.
Wands
 n - a wand of iceblast (8)
 q - a wand of flame (40)
 t - a wand of digging (16)
 F - a wand of paralysis (13)
Scrolls
 f - 4 scrolls of fear
 i - 6 scrolls of noise
 k - 5 scrolls of magic mapping
 p - 3 scrolls of teleportation
 w - a scroll of vulnerability {unknown}
 D - a scroll of blinking {unknown}
 K - a scroll of enchant armour
 M - a scroll of immolation {unknown}
 R - 3 scrolls of identify
Potions
 c - 4 potions of degeneration
 g - a potion of cancellation
 h - 4 potions of curing
 j - a potion of resistance {unknown}
 l - a potion of heal wounds
 m - 2 potions of brilliance
 r - 3 potions of attraction
 u - a potion of invisibility {unknown}
 v - 2 potions of haste {unknown}
 x - a potion of magic {unknown}
 A - 5 potions of lignification
 B - 3 potions of flight
 L - a potion of might {unknown}
 S - a potion of experience {unknown}
Miscellaneous
 N - a condenser vane


   Skills:
 + Level 9.2 Fighting
 * Level 15.2 Long Blades
 + Level 9.5 Dodging
 + Level 4.1 Stealth
 * Level 3.9 Shields
 * Level 3.2 Evocations


You had 11 spell levels left.
You didn't know any spells.
Your spell library was empty.

Dungeon Overview and Level Annotations

Branches:
Dungeon (11/15)            Temple (0/1) D:7            Lair (1/6) D:8
 Bailey (visited)
    Orc: D:9-12

Altars:
Cheibriados
Elyvilon
Ru
Wu Jian
Xom
Zin

Shops:
D:3 :   D:5 *   D:9 *   D:11 [

Annotations:
D:11 Encipher's ghost, journeyman OpTm


Innate Abilities, Weirdness & Mutations

Your dull iron-grey scales are very hard. (AC +13)
You are amphibious.
You cannot fit into any form of body armour.
You are cold-blooded and may be slowed by cold attacks.


Message History

Trog accepts your kill.
You slash the orc!
You kill the orc!
Trog accepts your kill.
The death knight hits you but does no damage.
You are poisoned.
You feel very sick.
The death knight hits you with a +1 glaive of venom!
You are more poisoned.
Your skin crawls.
You feel strong-willed.
You feel very sick.
The death knight hits you with a +1 glaive of venom!!
* * * LOW HITPOINT WARNING * * *
You are lethally poisoned!
A red film seems to cover your vision as you go berserk!
You feel yourself moving faster!
You feel mighty!
* * * LOW HITPOINT WARNING * * *
You feel extremely sick.
The death knight offers itself to Yredelemnul, and fills with unholy energy.
You barely miss the death knight.
You feel very sick.
You slice the death knight!!
The death knight looks as sick as possible!
Your tail-slap misses the death knight.
The death knight is moderately wounded.
The death knight reflects your damage back at you!
* * * LOW HITPOINT WARNING * * *
x2 You feel very sick.
The death knight reflects your damage back at you!
The death knight hits you with a +1 glaive of venom.
* * * LOW HITPOINT WARNING * * *
You are more poisoned.
You are too berserk!
You slash the death knight!
The death knight looks as sick as possible!
The death knight is moderately wounded.
The death knight reflects your damage back at you!
* * * LOW HITPOINT WARNING * * *
You die...

............#....
...................
................... ###
...........#..........##
..........#...... .....
.......))......## .....
#...)........###....
##............##....
##@................ ##
##p.................
#.###................†..
.##.......................
........###.∩)..).........
(.......##..†........†##..
............†.............
#..................(..=.
#......................#


You could see a death knight (reflects damage, extremely poisoned).

Vanquished Creatures
  2 boulder beetles
  A centaur warrior (D:9)
  3 two-headed ogres
  A manticore (D:9)
  A cyclops (D:9)
  A kobold demonologist (D:5)
  Psyche (D:8)
  An unseen horror (D:10)
  2 komodo dragons (D:8)
  2 trolls
  A hornet (D:9)
  A shadow (D:10)
  2 wyverns (D:9)
  22 yaks
  A steam dragon (D:8)
  2 basilisks (D:8)
  An acid dragon (D:9)
  4 water moccasins
  A swamp drake (D:8)
  8 orc warriors
  2 necrophages (D:6)
  An ice beast (D:6)
  3 black bears
  2 ogres
  6 centaurs
  7 kobold brigands
  2 bullfrogs (D:9)
  A gnoll sergeant (D:8)
  A wyvern zombie (D:9)
  2 scorpions
  2 wyvern skeletons (D:6)
  A water moccasin zombie (D:6)
  6 killer bees
  20 wights
  4 howler monkeys
  5 centaur zombies
  5 hounds
  5 jellies
  5 iguanas
  6 orc priests
  A centaur skeleton (D:6)
  A gnoll shaman (D:5)
  12 orc wizards
  2 killer bee zombies (D:8)
  2 hound skeletons (D:5)
  A howler monkey zombie (D:9)
  15 gnolls
  A howler monkey skeleton (D:4)
  6 adders
  2 shadow imps
  An ufetubus (D:4)
  A worm (D:2)
  36 orcs
  9 ball pythons
  8 bats
  3 endoplasms
  7 giant cockroaches
  9 goblins
  9 hobgoblins
  2 jackals (D:4)
  3 quokkas (D:3)
  4 frilled lizards
  20 kobolds
  4 rats
303 creatures vanquished.

Vanquished Creatures (others)
  A basilisk (D:8)
  An orc wizard (D:6)
2 creatures vanquished.

Grand Total: 305 creatures vanquished

Notes
Turn   | Place    | Note
-------+----------+-------------------------------------------
     0 | D:1      | a11behringer the Draconian Berserker began the quest for
                  | the Orb.
     0 | D:1      | Reached XP level 1. HP: 19/19 MP: 1/1
    66 | D:1      | Reached XP level 2. HP: 24/26 MP: 2/2
   929 | D:2      | Reached XP level 3. HP: 30/31 MP: 3/3
  1143 | D:2      | Reached ** piety under Trog
  1162 | D:2      | Reached skill level 4 in Long Blades
  1307 | D:2      | Found a faded altar of an unknown god.
  1686 | D:3      | Reached XP level 4. HP: 36/40 MP: 4/4
  2055 | D:3      | Found Baconyc's Book Shop.
  2329 | D:3      | Reached XP level 5. HP: 39/46 MP: 5/5
  2648 | D:4      | Reached skill level 5 in Long Blades
  2955 | D:4      | Reached XP level 6. HP: 51/52 MP: 6/6
  3270 | D:4      | Reached skill level 6 in Long Blades
  3270 | D:4      | Reached skill level 1 in Stealth
  3666 | D:4      | Reached *** piety under Trog
  3973 | D:5      | Entered Level 5 of the Dungeon
  4005 | D:5      | Your scales start taking on a dull iron-grey colour.
  4005 | D:5      | Reached XP level 7. HP: 59/59 MP: 7/7
  4065 | D:5      | Found a sacrificial altar of Ru.
  4084 | D:5      | Reached skill level 7 in Long Blades
  4137 | D:5      | Found Seilin Doism's Assorted Antiques.
  4532 | D:5      | Found a white marble altar of Elyvilon.
  4780 | D:5      | Noticed a kobold demonologist
  4790 | D:5      | Killed a kobold demonologist
  4791 | D:5      | Reached skill level 8 in Long Blades
  4791 | D:5      | Reached XP level 8. HP: 67/67 MP: 8/8
  4967 | D:6      | Reached skill level 5 in Fighting
  4967 | D:6      | Reached skill level 9 in Long Blades
  5592 | D:6      | Found an ornate altar of the Wu Jian Council.
  5700 | D:6      | Reached skill level 10 in Long Blades
  5700 | D:6      | Reached skill level 5 in Dodging
  5702 | D:6      | Reached XP level 9. HP: 74/74 MP: 9/9
  6208 | D:7      | Reached **** piety under Trog
  6420 | D:7      | Found a staircase to the Ecumenical Temple.
  6828 | D:7      | Found a glowing silver altar of Zin.
  6828 | D:7      | Noticed an angel
  6951 | D:8      | Noticed Psyche
  6958 | D:8      | Killed Psyche
  6959 | D:8      | Reached skill level 11 in Long Blades
  7455 | D:8      | Reached XP level 10. HP: 57/84 MP: 10/10
  7461 | D:8      | Reached skill level 12 in Long Blades
  7640 | D:8      | Found a snail-covered altar of Cheibriados.
  8520 | D:8      | Found a staircase to the Lair.
  8579 | Lair:1   | Entered Level 1 of the Lair of Beasts
  8640 | D:8      | Identified a scroll of acquirement
  8640 | D:8      | Acquired the ring "Hyock" {Fly rPois Int+6 Stlth-}
  8719 | D:9      | Noticed a two-headed ogre
  8727 | D:9      | Reached ***** piety under Trog
  8731 | D:9      | Killed a two-headed ogre
  8732 | D:9      | Reached skill level 13 in Long Blades
  8796 | D:9      | Found a runed translucent door.
  8938 | D:9      | Found a shimmering altar of Xom.
  9169 | D:9      | Found a runed translucent door.
  9179 | D:9      | Found a flagged portal.
  9215 | D:9      | Reached XP level 11. HP: 91/92 MP: 11/11
  9220 | Bailey   | Entered a bailey
  9456 | Bailey   | Identified the +6 plate armour "Zomius" {MP+9}
  9689 | D:9      | Found Oneg's Assorted Antiques.
  9887 | D:9      | Acquired a +5 demon blade of venom
 10090 | D:9      | Reached skill level 14 in Long Blades
 10100 | D:9      | Noticed a centaur warrior
 10103 | D:9      | Reached skill level 1 in Evocations
 10114 | D:9      | Killed a centaur warrior
 10115 | D:9      | Reached skill level 1 in Shields
 11131 | D:10     | Entered Level 10 of the Dungeon
 11183 | D:10     | Received a gift from Trog
 11766 | D:10     | Noticed a boulder beetle
 11777 | D:10     | Killed a boulder beetle
 11986 | D:10     | Noticed a two-headed ogre
 11994 | D:10     | Killed a two-headed ogre
 12107 | D:11     | Noticed a minotaur
 12108 | D:11     | Noticed Encipher's ghost (journeyman OpTm)
 12148 | D:11     | Reached skill level 15 in Long Blades
 12207 | D:11     | Found Guisuti's Antique Armour Shoppe.
 12221 | D:11     | Noticed a boulder beetle
 12246 | D:11     | Killed a boulder beetle
 12247 | D:11     | Reached XP level 12. HP: 38/104 MP: 12/12
 12318 | D:11     | Noticed a two-headed ogre
 12355 | D:11     | Killed a two-headed ogre
 12428 | D:11     | Noticed a death knight
 12441 | D:11     | HP: 3/156 [mirror damage (6)]
 12441 | D:11     | Succumbed to a death knight's poison

Illustrated notes

Levels and vault maps discovered:
D:1:      dpeg_arrival_water_temple_mockup, layout_rooms
D:2:      layout_basic, basic_ecumenical_altar
D:3:      kennysheep_big_flooded_room, layout_basic, serial_shops, shop
D:4:      layout_basic
D:5:      minmay_inner_zag, layout_loops_ring,
          mainiacjoe_overflow_six_doors_small,
          nicolae_ru_great_annihilating_truth, serial_shops, shop
D:6:      layout_loops_cross, lemuel_doored_altar
D:7:      layout_rooms, zin_angel, minmay_temple_entry_mini_moons
D:8:      layout_basic, mainiacjoe_overflow_cross_hatched, erik_lair_dragon,
          minmay_manual_mullet, uniq_psyche
D:9:      cheibrodos_histonic, layout_small_grid,
          mainiacjoe_overflow_concentric_impassable, serial_shops,
          nicolae_shop_statue_plus, enter_bailey_5
D:10:     layout_cave_pods
D:11:     layout_cave_pools, serial_shops, shop, maelrawn_ghost_gauntlet_escape,
          nicolae_wooded_promenade
Lair:1:   layout_layer_cave, grunt_megastairs_1, lemuel_fruit_fields,
          serial_bayou_shore_a, uniq_urug

Skill      XL: |  1  2  3  4  5  6  7  8  9 10 11 12 |
---------------+-------------------------------------+-----
Dodging        | 3 4 5 6 8 9 |  9.5
Long Blades    | 4 5 6 8 10 11 13 15 | 15.2
Fighting       | 4 5 6 7 9 |  9.2
Stealth        | 1 2 3 4 |  4.1
Evocations     | 2 3 |  3.2
Shields        | 3 |  3.9

Action                   |  1- 3 |  4- 6 |  7- 9 | 10-12 || total
-------------------------+-------+-------+-------+-------++-------
Melee: Falchion          |   102 |    98 |       |       ||   200
       Tailslap          |     9 |    16 |    62 |    95 ||   182
       Long sword        |       |    83 |   247 |       ||   330
       Scimitar          |       |       |    74 |   215 ||   289
       Demon blade       |       |       |       |   217 ||   217
Invok: Berserk           |     1 |     2 |     7 |     5 ||    15
       Trog's Hand       |       |       |     1 |     4 ||     5
  Use: Scroll            |       |    11 |     3 |    10 ||    24
       Potion            |       |       |       |     1 ||     1
 Stab: Sleeping          |     1 |     3 |     8 |     3 ||    15
       Paralysed         |       |       |     1 |       ||     1
Armor: Skin              |    45 |    64 |   151 |   155 ||   415
Dodge: Dodged            |    68 |   100 |   309 |   372 ||   849

Table legend: (Time is in decaauts)
 A = Elapsed time spent in this place.
 B = Non-inter-level travel time spent in this place.
 C = Inter-level travel time spent in this place.
 D = Time resting spent in this place.
 E = Time spent auto-exploring this place.
 F = Levels seen in this place.
 G = Mean time per level.
                   A        B        C        D        E       F      G
               +--------+--------+--------+--------+--------+-----+--------+
         Total |  12418 |  11331 |   1087 |    379 |   8946 |  13 |  955.2 |
       Dungeon |  11977 |  10890 |   1087 |    379 |   8740 |  11 | 1088.8 |
          Lair |     12 |     12 |      0 |      0 |      0 |   1 |   12.0 |
        Bailey |    428 |    428 |      0 |      0 |    206 |   1 |  428.0 |
               +--------+--------+--------+--------+--------+-----+--------+

Top non-repeatable levels by time:
     D:9: 1932 daAuts
     D:8: 1735 daAuts
     D:4: 1370 daAuts
     D:5: 1251 daAuts
     D:3: 967 daAuts
    D:10: 945 daAuts
     D:7: 898 daAuts
     D:2: 872 daAuts
     D:6: 867 daAuts
     D:1: 807 daAuts
  Bailey: 428 daAuts
    D:11: 328 daAuts
  Lair:1: 12 daAuts
